 Dungeon Crawl Stone Soup version 0.22-a0-367-gb72a975701 (webtiles) character file.

429 Kriby the Magician (level 6, -5/41 HPs)
             Began as a Mummy Fire Elementalist on Apr 23, 2018.
             Shot with an arrow by a centaur (8 damage)
             ... on level 5 of the Dungeon.
             The game lasted 00:04:00 (4408 turns).

Kriby the Magician (Mummy Fire Elementalist)        Turns: 4408, Time: 00:04:00

Health: -5/41      AC:  4    Str: 11    XL:     6   Next: 66%
Magic:  9/15       EV: 11    Int: 17    God:
Gold:   231        SH:  0    Dex: 12    Spells: 17/18 levels left

rFire    x . .     SeeInvis .   b - +0 mace
rCold    + . .     Gourm    .   (no shield)
rNeg     + + +     Faith    .   e - +1 leather armour
rPois    ∞         Spirit   .   p - +0 hat
rElec    .         Reflect  .   (no cloak)
rCorr    .         Harm     .   (no gloves)
MR       .....                  (no boots)
Stlth    ++........             (no amulet)
HPRegen  0.13/turn              h - ring of poison resistance
MPRegen  0.14/turn              m - ring of stealth

@: very slightly contaminated
A: no food or potions, fire vulnerability, cold resistance 1, negative energy
resistance 3, torment resistance, unbreathing
a: no special abilities


You were on level 5 of the Dungeon.
You were not hungry.

You visited 1 branch of the dungeon, and saw 5 of its levels.

You collected 231 gold pieces.

Inventory:

Hand Weapons
 b - a +0 mace (weapon)
Armour
 a - a +0 robe
 e - a +1 leather armour (worn)
 k - a +0 buckler
 p - a +0 hat (worn)
Jewellery
 h - a ring of poison resistance (left hand)
 m - a ring of stealth (right hand)
Wands
 o - a wand of digging (13)
 r - a wand of scattershot (6)
Scrolls
 c - 2 scrolls of remove curse
 d - a scroll of magic mapping
 f - 2 scrolls of blinking
 g - a scroll of enchant armour
 i - 3 scrolls of identify {unknown}
 j - a scroll of immolation {unknown}
 l - a scroll of random uselessness {unknown}
 n - a scroll of noise {unknown}
 q - 2 scrolls of fog {unknown}
 s - a scroll of teleportation {unknown}
 t - a scroll of enchant weapon {unknown}


   Skills:
 - Level 1.5 Dodging
 - Level 1.5 Stealth
 * Level 6.5 Spellcasting
 + Level 2.8 Conjurations
 + Level 3.7 Fire Magic


You had 17 spell levels left.
You knew the following spells:

 Your Spells              Type           Power        Failure   Level  Hunger
a - Flame Tongue          Conj/Fire      ###..        4%          1    N/A

Dungeon Overview and Level Annotations

Branches:
Dungeon (5/15)
 Temple: D:4-7

Altars:
Makhleb
Trog

Shops:
D:4 !   D:5 (


Innate Abilities, Weirdness & Mutations

You do not eat or drink.
Your flesh is vulnerable to fire.
You are immune to poison.
Your flesh is cold resistant. (rC+)
You are immune to negative energy. (rN+++)
You are immune to unholy pain and torment.
You can survive without breathing.


Message History

Casting: Flame Tongue (safe; 4% risk of failure)
Confirm with . or Enter, or press ? or * to list all spells.
Aiming: Flame Tongue (safe; 4% risk of failure)
Press: ? - help, Shift-Dir - straight line, f/p - centaur
Aim: a centaur, wielding a shortbow (heavily wounded)
You miscast Flame Tongue.
You are very lightly contaminated with residual magic.
Nothing appears to happen.
The centaur shoots an arrow.
The arrow hits you!
* * * LOW HITPOINT WARNING * * *
The centaur shoots an arrow.
The arrow hits you.
* * * LOW HITPOINT WARNING * * *
Casting: Flame Tongue (safe; 4% risk of failure)
Confirm with . or Enter, or press ? or * to list all spells.
Aiming: Flame Tongue (safe; 4% risk of failure)
Press: ? - help, Shift-Dir - straight line, f/p - centaur
Aim: a centaur, wielding a shortbow (heavily wounded)
The flame tongue hits the centaur.
The centaur appears unharmed.
The centaur is heavily wounded.
The centaur shoots an arrow.
The arrow hits you!
You die...

*,...,,,,,* *,...,,,,**
*##### **....,,,*
*#....#* *,....,**
*......** **,>..#*
*#......,**
****#.###.......,,**
*#..#.......,,,*
##..c.......,,,**
#(@##.......,,,,***
#.<#*.......,,,,**,
#..#*....!..,,,,,,, ***
#..#*.......,,,,,,*
*,**#.##*#...c..,,,,,,*
**,,,#.* *#.....,,,**,*
*,,,,..** *.....,,***,*
*,,,,..,** *********
*,, *,,,...,,* *,,


You could see a centaur.

Vanquished Creatures
  3 scorpions
  3 hounds
  An iguana (D:4)
  A worker ant (D:4)
  A hound skeleton (D:4)
  7 adders
  A dart slug (D:1)
  2 worms (D:2)
  5 leopard geckos (D:1)
  4 orcs (D:4)
  8 bats
  3 giant cockroaches
  4 goblins
  9 hobgoblins
  3 jackals (D:4)
  6 kobolds
  2 quokkas
  A ball python (D:3)
  2 frilled lizards
  A rat (D:2)
67 creatures vanquished.

Notes
Turn   | Place    | Note
-------+----------+-------------------------------------------
     0 | D:1      | Kriby the Mummy Fire Elementalist began the quest for the Orb.
     0 | D:1      | Reached XP level 1. HP: 13/13 MP: 4/4
   202 | D:1      | Reached skill level 3 in Spellcasting
   205 | D:1      | Reached skill level 1 in Conjurations
   325 | D:1      | Reached XP level 2. HP: 19/19 MP: 4/6
   813 | D:1      | Reached XP level 3. HP: 20/24 MP: 0/8
  1051 | D:2      | Found a bloodstained altar of Trog.
  1110 | D:2      | Reached skill level 4 in Spellcasting
  1457 | D:2      | Reached XP level 4. HP: 30/30 MP: 5/10
  2192 | D:3      | Reached skill level 5 in Spellcasting
  2192 | D:3      | Reached XP level 5. HP: 23/35 MP: 0/12
  2631 | D:3      | Found a burning altar of Makhleb.
  3111 | D:4      | Reached XP level 6. HP: 32/41 MP: 8/14
  3338 | D:4      | Found Erimu's Distillery.
  3678 | D:4      | Reached skill level 6 in Spellcasting
  4219 | D:5      | Entered Level 5 of the Dungeon
  4219 | D:5      | Noticed a sky beast
  4231 | D:5      | Found Bugefet's Weapon Shop.
  4407 | D:5      | HP: 2/41 [centaur/arrow (6)]
  4408 | D:5      | Shot with an arrow by a centaur

Vault maps used:
D:1:      ncdulo_wetmaze, minmay_misc_feat_diagonals, minmay_tree_intersection
D:2:      nicolae_overflow_crystal_walls, first_ration
D:3:      st_stairs_9, makhleb_blood_cavern_becter
D:4:      serial_shops, nicolae_shop_waterfront, corexii_hall_statues_deadend
D:5:      nicolae_ossuary_entry_false_entrances, serial_shops, shop,
          uniq_duvessa

Skill      XL: |  1  2  3  4  5  6 |
---------------+-------------------+-----
Spellcasting   | 3 4 5 6 |  6.5
Conjurations   | 1 2 |  2.8
Fire Magic     | 3 |  3.7
Dodging        | |  1.5
Stealth        | |  1.5

Action                   |  1- 3 |  4- 6 || total
-------------------------+-------+-------++-------
Melee: Unarmed           |     8 |       ||     8
       Mace              |     2 |     6 ||     8
 Cast: Flame Tongue      |    64 |   129 ||   193
  Use: Scroll            |       |     4 ||     4
Armor: Robe              |     3 |       ||     3
       Leather armour    |    12 |    13 ||    25
Dodge: Dodged            |    35 |    39 ||    74

Table legend:
 A = Spawn XP
 B = Non-spawn XP
 C = Spawn XP percentage of total XP
 D = Spawn monster count
 E = Non-spawn monster count
 F = Spawn count percentage of total count
 G = Total turns spent on level
                    A         B        C        D         E        F      G
               +---------+---------+-------+---------+---------+-------+---------
         Total |       0 |     614 |   0.0 |       0 |      67 |   0.0 |  4408
               +---------+---------+-------+---------+---------+-------+---------
           D:1 |       0 |      47 |   0.0 |       0 |      21 |   0.0 |  1051
           D:2 |       0 |      92 |   0.0 |       0 |      18 |   0.0 |   866
           D:3 |       0 |     131 |   0.0 |       0 |      11 |   0.0 |  1016
           D:4 |       0 |     302 |   0.0 |       0 |      16 |   0.0 |  1436
           D:5 |       0 |      42 |   0.0 |       0 |       1 |   0.0 |    39
               +---------+---------+-------+---------+---------+-------+---------
